 Dungeon Crawl Stone Soup version 0.23.2-40-g277498a001 (webtiles) character file.

Game seed: 7509272034274735362

21 DildoBatman the Magician (level 3, -1/24 HPs)
             Began as a Formicid Wizard on Sept 26, 2019.
             Slain by a hobgoblin
             ... wielding a +0 club
              (4 damage)
             ... on level 1 of the Dungeon.
             The game lasted 00:02:56 (746 turns).

DildoBatman the Magician (Formicid Wizard)           Turns: 746, Time: 00:02:57

Health: -1/24      AC:  2    Str: 11    XL:     3   Next: 5%
Magic:  1/7        EV: 11    Int: 18    God:
Gold:   41         SH:  0    Dex:  9    Spells: 1/8 levels left

rFire    . . .     SeeInvis +   b - +0 club
rCold    . . .     Gourm    .   (no shield)
rNeg     . . .     Faith    .   f - +0 robe
rPois    .         Spirit   .   (helmet unavailable)
rElec    .         Reflect  .   (no cloak)
rCorr    .         Harm     .   (no gloves)
MR       .....                  (no boots)
Stlth    +.........             g - amulet of the acrobat
HPRegen  0.08/turn              (no ring)
MPRegen  0.10/turn              (no ring)

@: very slightly contaminated, heavily drained
A: permanent stasis, dig shafts and tunnels, four strong arms, antennae 3
a: Dig, Shaft Self


You were on level 1 of the Dungeon.
You were not hungry.

You visited 1 branch of the dungeon, and saw 1 of its levels.

You collected 41 gold pieces.

Inventory:

Hand Weapons
 a - a +0 hunting sling
 b - a +0 club (weapon)
Missiles
 i - 9 sling bullets
 m - a stone (quivered)
Armour
 f - a +0 robe (worn)
Jewellery
 g - an amulet of the acrobat (around neck)
Scrolls
 c - a scroll of immolation {unknown}
 k - a scroll of identify {unknown}
 l - a scroll of random uselessness {unknown}
Potions
 e - a potion of haste {unknown}
 h - a potion of curing {unknown}
 j - a potion of heal wounds {unknown}
Comestibles
 d - 2 chunks of flesh
 v - 2 rations


   Skills:
 - Level 1.7(0.2) Dodging
 - Level 2.4(0.8) Stealth
 - Level 3.2(1.6) Spellcasting
 * Level 2.4(0.9) Conjurations
   Level 1.0(0.0) Summonings
   Level 0.8(0.0) Translocations


You had one spell level left.
You knew the following spells:

 Your Spells              Type           Power        Failure   Level  Hunger
a - Conjure Flame         Conj/Fire      #.......     43%         3    ###....
c - Magic Dart            Conj           #...         13%         1    #......
e - Mephitic Cloud        Conj/Pois/Air  #.......     45%         3    ###....

Your spell library contained the following spells:

 Spells                   Type           Power        Failure   Level  Hunger
 Call Imp                 Summ           #.......     28%         2    ###....
 Slow                     Hex            #.......     28%         2    ###....
 Blink                    Tloc           Unusable     N/A         2    N/A

Dungeon Overview and Level Annotations

Branches:
Dungeon (1/15)

Altars:


Innate Abilities, Weirdness & Mutations

You cannot be hasted, slowed, berserked, paralysed or teleported.
You can dig through walls and to a lower floor.
Your four strong arms can wield two-handed weapons with a shield.
You have a pair of large antennae on your head. (SInv)


Message History

Aiming: Magic Dart (safe; 13% risk of failure)
Press: ? - help, Shift-Dir - straight line, f/p - hobgoblin
Aim: a hobgoblin, wielding a +0 club and wearing a +0 scale mail (heavily wounded)
The magic dart hits the hobgoblin but does no damage.
The hobgoblin is heavily wounded.
The hobgoblin completely misses you.
Casting: Magic Dart (safe; 13% risk of failure)
Confirm with . or Enter, or press ? or * to list all spells.
Aiming: Magic Dart (safe; 13% risk of failure)
Press: ? - help, Shift-Dir - straight line, f/p - hobgoblin
Aim: a hobgoblin, wielding a +0 club and wearing a +0 scale mail (heavily wounded)
The magic dart hits the hobgoblin but does no damage.
The hobgoblin is heavily wounded.
You hit the hobgoblin.
The hobgoblin is severely wounded.
The hobgoblin hits you with a +0 club. x2
You barely miss the hobgoblin.
The hobgoblin is severely wounded.
The hobgoblin hits you with a +0 club.
You die...

#.#.###.."......(#..........#...
##>....)........(##...(......'...
#...........###..............#...
#...........# #####..g.......#...
+...........# #########...#((....
#...........# #.........#######..
........#...###.....(......... .
........##..............###...
#...............@g........'. .
...)....##.............####..
........##................#
..########................# ..#
#[.....##........#
..########......#########.#######
....................).รท..........
................#####'#####......
.............########.#### ##[..


You could see a hobgoblin.

Vanquished Creatures
  2 leopard geckos (D:1)
  A giant cockroach (D:1)
  2 goblins (D:1)
  5 hobgoblins (D:1)
  A ball python (D:1)
  A bat (D:1)
  2 frilled lizards (D:1)
  3 rats (D:1)
17 creatures vanquished.

Vanquished Creatures (others)
  A bat (D:1)
1 creature vanquished.

Grand Total: 18 creatures vanquished

Notes
Turn   | Place    | Note
-------+----------+-------------------------------------------
     0 | D:1      | DildoBatman the Formicid Wizard began the quest for the
                  | Orb.
     0 | D:1      | Reached XP level 1. HP: 13/13 MP: 4/4
   116 | D:1      | Reached skill level 1 in Conjurations
   261 | D:1      | Reached XP level 2. HP: 19/19 MP: 4/6
   584 | D:1      | Reached XP level 3. HP: 24/24 MP: 3/7
   589 | D:1      | Learned a level 3 spell: Conjure Flame
   593 | D:1      | Learned a level 3 spell: Mephitic Cloud
   746 | D:1      | Slain by a hobgoblin

Skill      XL: |  1  2 |
---------------+-------+-----
Conjurations   | 1 2 |  2.4
Dodging        | |  1.7
Stealth        | |  2.4
Spellcasting   | |  3.2
Summonings     | |  1.0
Translocations | |  0.8

Action                   || total
-------------------------++-------
Melee: Club              ||    27
 Cast: Magic Dart        ||    45
Armor: Robe              ||     7
Dodge: Dodged            ||    32
